 Dungeon Crawl Stone Soup version 0.21.1-1-g345015fe64 (webtiles) character file.

1124 DildoBatman the Jinx (level 8, -15/58 HPs)
             Began as a Formicid Wizard on May 29, 2018.
             Was a Follower of Kikubaaqudgha.
             Killed from afar by a steam dragon (25 damage)
             ... with a ball of steam
             ... on level 6 of the Dungeon.
             The game lasted 00:36:25 (8261 turns).

DildoBatman the Jinx (Formicid Wizard)              Turns: 8261, Time: 00:36:25

Health: -15/58     AC:  7    Str: 12    XL:     8   Next: 61%
Magic:  12/12      EV: 10    Int: 20    God:    Kikubaaqudgha [*.....]
Gold:   294        SH:  0    Dex:  9    Spells: 2/13 levels left

rFire    x . .     SeeInvis +   b - +0 shortbow
rCold    + . .     Gourm    .   (no shield)
rNeg     . . .     Faith    .   r - +0 ring mail
rPois    .         Spirit   .   (helmet unavailable)
rElec    .         Reflect  .   (no cloak)
rCorr    +         Harm     .   q - +1 pair of gloves
MR       .....                  (no boots)
Stlth    +.........             (no amulet)
HPRegen  0.19/turn              g - ring of resist corrosion
MPRegen  0.13/turn              C - ring of ice

@: drained
A: permanent stasis, dig shafts and tunnels, four strong arms, antennae 3
a: Dig, Shaft Self, Receive Corpses, Renounce Religion


You were on level 6 of the Dungeon.
You worshipped Kikubaaqudgha.
Kikubaaqudgha was aware of your devotion.
You were hungry.

You visited 2 branches of the dungeon, and saw 7 of its levels.

You collected 294 gold pieces.

Inventory:

Hand Weapons
 a - a +2 halberd of chopping
 b - a +0 shortbow (weapon)
 c - a +4 spear of freezing
 d - a +0 flail of draining
Missiles
 e - 10 poisoned needles
 f - 21 bolts
 h - 129 stones
 u - 9 tomahawks
 y - 45 arrows (quivered)
 F - a throwing net
Armour
 p - a +0 large shield
 q - a +1 pair of gloves (worn)
 r - a +0 ring mail (worn)
Jewellery
 g - a ring of resist corrosion (left hand)
 C - a ring of ice (right hand)
Scrolls
 i - a scroll of magic mapping {unknown}
 j - 2 scrolls of immolation
 m - 2 scrolls of enchant weapon {unknown}
 o - 2 scrolls of random uselessness {unknown}
 x - 5 scrolls of remove curse
 z - 2 scrolls of identify
 D - a scroll of fog {unknown}
Potions
 s - a potion of might {unknown}
 w - a potion of magic {unknown}
 A - a potion of flight {unknown}
 B - a potion of brilliance {unknown}
Books
 k - a book of Changes

   Spells                             Type                      Level
   a - Beastly Appendage              Transmutation                1
   b - Sticks to Snakes               Transmutation                2
   c - Spider Form                    Transmutation/Poison         3
   d - Ice Form                       Ice/Transmutation            4
   e - Blade Hands                    Transmutation                5
 l - a book of Minor Magic

   Spells                             Type                      Level
   a - Magic Dart                     Conjuration                  1
   b - Blink                          Translocation                2
   c - Call Imp                       Summoning                    2
   d - Slow                           Hexes                        2
   e - Conjure Flame                  Conjuration/Fire             3
   f - Mephitic Cloud                 Conjuration/Poison/Air       3
 n - Kikubaaqudgha's Incunabulum of Evil Arts
   (Kikubaaqudgha gifted it to you on level 5 of the Dungeon)

   Spells                             Type                      Level
   a - Animate Skeleton               Necromancy                   1
   b - Pain                           Necromancy                   1
   c - Sublimation of Blood           Necromancy                   2
   d - Regeneration                   Charms/Necromancy            3
 G - Sif Muna's Guide on Toxins
   (You found it on level 5 of the Dungeon)

   Spells                             Type                      Level
   a - Sting                          Conjuration/Poison           1
Comestibles
 v - 7 rations


   Skills:
 - Level 3.0(2.5) Fighting
   Level 2.1(1.7) Long Blades
 * Level 2.8(2.3) Polearms
 - Level 2.0(1.5) Armour
 - Level 2.0(1.5) Dodging
 - Level 4.0(3.5) Stealth
 - Level 3.2(2.8) Spellcasting
 - Level 2.0(1.5) Conjurations
 - Level 8.0(7.4) Hexes
 - Level 1.0(0.5) Charms
   Level 1.0(0.5) Summonings
 - Level 1.0(0.5) Necromancy
   Level 0.8(0.4) Translocations


You had 2 spell levels left.
You knew the following spells:

 Your Spells              Type           Power        Failure   Level  Hunger
a - Slow                  Hex            ####....     2%          2    ##.....
b - Regeneration          Chrm/Necr      #.........   58%         3    ###....
c - Magic Dart            Conj           #...         17%         1    None
d - Sublimation of Blood  Necr           #.........   36%         2    ##.....
e - Mephitic Cloud        Conj/Pois/Air  #.......     61%         3    ###....


Dungeon Overview and Level Annotations

Branches:
Dungeon (6/15)             Temple (1/1) D:5

Altars:
Ashenzari
Cheibriados
Dithmenos
Elyvilon
Fedhas
Gozag
Hepliaklqana
Kikubaaqudgha
Makhleb
Nemelex Xobeh
Okawaru
Qazlal
Ru
Sif Muna
Trog
Uskayaw
Vehumet
Wu Jian
Xom
Yredelemnul
Zin
The Shining One

Annotations:
D:3 Barbies's ghost, weakling MiFi
D:4 Menkaure
D:6 McKennaii's ghost, novice DEIE


Innate Abilities, Weirdness & Mutations

You cannot be hasted, slowed, berserked, paralysed or teleported.
You can dig through walls and to a lower floor.
Your four strong arms can wield two-handed weapons with a shield.
You have a pair of large antennae on your head. (SInv)


Message History

The steam dragon breathes steam at you. The ball of steam hits you!
The steam scalds you terribly!
Ouch! That really hurt!
You extend your mandibles.
You dig through the rock wall.
You are feeling hungry.
You retract your mandibles.
Press: ? - help, . - travel You can't see that place. [the floor.]
The steam dragon breathes steam at you. The ball of steam hits you!
The steam scalds you terribly!
b - a +0 shortbow (weapon)
The steam dragon breathes steam at you. The ball of steam hits you!
The steam scalds you terribly!
You die...
Kikubaaqudgha rasps: "You have failed me!
Welcome... death!"

.........## #..# ##......# ##.
..####.D{.# ##.###.......###..
.## ##...## ##..........#.#...
§## #...D#####........#####....
§§## ##...............### ##...
#..###....>##........## ##...
###........###§.....## ##....
##.####...##.§.....#######.....
#..# ##......@.....##.........
###.§# #.....##..............##
#.#§.##
##..######...........###
.#D...## #.## . ##......#..## #
#.###..# #.## .^≈ ##.......## #
P.PP#########PD.. #......## #
....^P.PP.≈..P≈.. #..)..## ##
PP.P............. {
#.....######. #######P≈^.≈≈.≈..
####)........


There were no monsters in sight!

Vanquished Creatures
  A sky beast (D:5)
  An ogre (D:5)
  2 centaurs (D:6)
  Blork the orc (D:6)
  A gnoll sergeant (D:6)
  A vampire bat (D:4)
  A crimson imp (D:5)
  3 hounds
  3 iguanas (D:6)
  3 orc wizards (D:5)
  2 worker ants
  A hound skeleton (D:6)
  8 gnolls
  6 adders
  A shadow imp (D:4)
  2 adder zombies
  An adder skeleton (D:5)
  3 worms
  3 dart slugs
  3 leopard geckos
  15 orcs
  2 ball pythons
  4 bats
  A bat skeleton (D:4)
  3 bat zombies (D:4)
  4 giant cockroaches
  4 hobgoblins
  6 jackals
  8 kobolds
  A quokka (D:5)
  6 frilled lizards
  3 goblins
  A quokka skeleton (D:5)
  5 rats
  A fungus (D:3)
111 creatures vanquished.

Vanquished Creatures (others)
  An orc wizard (D:5)
1 creature vanquished.

Grand Total: 112 creatures vanquished

Notes
Turn   | Place    | Note
-------+----------+-------------------------------------------
     0 | D:1      | DildoBatman the Formicid Wizard began the quest for the Orb.
     0 | D:1      | Reached XP level 1. HP: 13/13 MP: 4/4
   119 | D:1      | Reached skill level 1 in Conjurations
   295 | D:1      | Reached skill level 1 in Fighting
   295 | D:1      | Reached XP level 2. HP: 14/21 MP: 0/6
   763 | D:1      | Reached XP level 3. HP: 27/27 MP: 2/7
   843 | D:2      | Learned a level 2 spell: Slow
   847 | D:2      | Learned a level 3 spell: Mephitic Cloud
   933 | D:2      | Found an opulent altar of Gozag.
  1731 | D:3      | Reached XP level 4. HP: 33/34 MP: 2/8
  1896 | D:3      | Noticed Barbies's ghost (weakling MiFi)
  2787 | D:3      | Found a bloodstained altar of Trog.
  3166 | D:4      | Noticed Menkaure
  3350 | D:4      | Reached skill level 1 in Armour
  3350 | D:4      | Reached XP level 5. HP: 27/41 MP: 5/9
  3383 | D:4      | Reached skill level 1 in Long Blades
  3605 | D:4      | Noticed a phantom
  3774 | D:4      | Noticed an ogre
  4530 | D:4      | Found an ancient bone altar of Kikubaaqudgha.
  4541 | D:4      | Became a worshipper of Kikubaaqudgha
  4544 | D:4      | Reached XP level 6. HP: 40/47 MP: 10/10
  4952 | D:5      | Entered Level 5 of the Dungeon
  4971 | D:5      | Noticed a sky beast
  5179 | D:5      | Reached skill level 1 in Hexes
  5218 | D:5      | Found a white marble altar of Elyvilon.
  5218 | D:5      | Found a glowing silver altar of Zin.
  5219 | D:5      | Found a glowing golden altar of the Shining One.
  5438 | D:5      | Reached skill level 2 in Hexes
  5527 | D:5      | Reached skill level 3 in Hexes
  5600 | D:5      | Found a staircase to the Ecumenical Temple.
  5622 | Temple   | Entered the Ecumenical Temple
  5681 | D:5      | Found a deep blue altar of Sif Muna.
  5740 | D:5      | Reached skill level 4 in Hexes
  5740 | D:5      | Reached XP level 7. HP: 48/52 MP: 11/11
  5746 | D:5      | Identified Sif Muna's Guide on Toxins
  6195 | D:5      | Reached * piety under Kikubaaqudgha
  6195 | D:5      | Identified Kikubaaqudgha's Incunabulum of Evil Arts (Kikubaaqudgha gifted it to you on level 5 of the Dungeon)
  6195 | D:5      | Received a gift from Kikubaaqudgha
  6195 | D:5      | Reached skill level 1 in Polearms
  6201 | D:5      | Learned a level 3 spell: Regeneration
  6204 | D:5      | Learned a level 2 spell: Sublimation of Blood
  6308 | D:5      | Reached skill level 5 in Hexes
  6339 | D:5      | Reached skill level 1 in Charms
  6339 | D:5      | Reached skill level 1 in Necromancy
  6718 | D:6      | Noticed Blork the orc
  6744 | D:6      | Killed Blork the orc
  6744 | D:6      | Reached XP level 8. HP: 56/58 MP: 8/12
  6784 | D:6      | Reached skill level 6 in Hexes
  6998 | D:6      | Reached skill level 7 in Hexes
  7095 | D:6      | Noticed McKennaii's ghost (novice DEIE)
  7820 | D:6      | Reached skill level 8 in Hexes
  8261 | D:6      | Killed from afar by a steam dragon

Skill      XL: |  1  2  3  4  5  6  7  8 |
---------------+-------------------------+-----
Conjurations   | 1 2 |  2.0
Fighting       | 1 2 3 |  3.0
Dodging        | 2 |  2.0
Armour         | 1 2 |  2.0
Long Blades    | 2 |  2.1
Stealth        | 4 |  4.0
Hexes          | 4 5 8 |  8.0
Polearms       | 2 |  2.8
Charms         | 1 |  1.0
Necromancy     | 1 |  1.0
Spellcasting   | |  3.2
Summonings     | |  1.0
Translocations | |  0.8

Action                   |  1- 3 |  4- 6 |  7- 9 || total
-------------------------+-------+-------+-------++-------
Melee: Long sword        |       |   165 |    10 ||   175
       Halberd           |       |       |   156 ||   156
       Spear             |       |       |    29 ||    29
 Fire: Shortbow          |       |       |    18 ||    18
Throw: Tomahawk          |       |       |     2 ||     2
 Cast: Magic Dart        |    64 |   158 |    37 ||   259
       Slow              |       |     1 |    50 ||    51
 Abil: Dig               |       |     7 |     7 ||    14
  Use: Scroll            |       |     4 |       ||     4
       Potion            |       |     4 |       ||     4
 Stab: Sleeping          |       |       |     1 ||     1
  Eat: Chunk             |     2 |    10 |     8 ||    20
       Ration            |       |     1 |     1 ||     2
Armor: Robe              |     2 |       |       ||     2
       Leather armour    |     1 |     2 |       ||     3
       Ring mail         |       |    68 |    51 ||   119
Dodge: Dodged            |     9 |   141 |    79 ||   229
       Rpst.: Long sword |       |    52 |     7 ||    59
